 Dungeon Crawl Stone Soup version 0.26-a0-712-ga5a9c9c9d0 (webtiles) character file.

Game seed: 11382063561903020961

17395 Arthanis the Cleaver (level 12, -6/120 HPs)
             Began as a Gargoyle Berserker on Nov 7, 2020.
             Was a High Priest of Trog.
             Mangled by a stone giant (13 damage)
             ... on level 1 of the Orcish Mines.
             The game lasted 00:19:55 (13185 turns).

Arthanis the Cleaver (Gargoyle Berserker)          Turns: 13185, Time: 00:19:56

Health: -6/120     AC: 26    Str: 22    XL:     12   Next: 47%
Magic:  12/12      EV:  6    Int: 12    God:    Trog [*****.]
Gold:   619        SH:  9    Dex:  9    Spells: 11/11 levels left

rFire    . . .     SeeInvis .   L - +0 war axe (vamp)
rCold    + . .     Faith    .   y - +0 kite shield
rNeg     + . .     Spirit   .   d - +1 plate armour {rC+}
rPois    ∞         Reflect  .   k - +0 helmet
rElec    +         Harm     .   K - +0 cloak
rCorr    .         Rampage  .   (no gloves)
MR       .....                  (no boots)
Stlth    ..........             (no amulet)
HPRegen  0.30/turn              (no ring)
MPRegen  0.13/turn              (no ring)

@: berserking, very quick
A: negative energy resistance 1, electricity resistance, unbreathing,
petrification resistance, rot immunity, AC +8
a: Berserk, Trog's Hand, Brothers in Arms, Renounce Religion


You were on level 1 of the Orcish Mines.
You worshipped Trog.
Trog was extremely pleased with you.
You visited 2 branches of the dungeon, and saw 15 of its levels.
You visited 1 bazaar.
You also visited: Bailey.

You collected 993 gold pieces.
You spent 374 gold pieces at shops.

Inventory:

Hand Weapons
 a - a +0 hand axe
 b - a +1 whip of venom
 m - a +4 halberd
 r - a +1 hand axe of venom
 t - a +0 spear
 L - a +0 vampiric war axe (weapon)
 M - a +3 antimagic battleaxe
 S - the cursed +0 war axe "Spiderslayer" {vorpal, *Rage rPois rF++ SInv}
   (You bought it in a shop in a bazaar)

   It inflicts extra damage upon your enemies.
   It greatly protects you from fire.
   It protects you from poison.
   It lets you see invisible.
   It may make you go berserk in combat.
   It has a curse placed upon it.
Missiles
 H - 8 throwing nets (quivered)
Armour
 d - a +1 plate armour of cold resistance (worn)
 f - a +0 animal skin
 k - a +0 helmet (worn)
 o - a +0 chain mail
 y - a +0 kite shield (worn)
 A - a +0 plate armour
 B - a +0 robe of fire resistance
 K - a +0 cloak (worn)
Wands
 z - a wand of iceblast (14)
 D - a wand of digging (7)
 E - a wand of paralysis (14)
 J - a wand of acid (5)
 O - a wand of random effects (13)
 Q - a wand of polymorph (10)
Scrolls
 e - 4 scrolls of enchant weapon
 h - 7 scrolls of teleportation
 i - 4 scrolls of fear
 l - 6 scrolls of remove curse
 p - 2 scrolls of blinking
 u - 6 scrolls of magic mapping
 x - 4 scrolls of fog
 C - a scroll of immolation {unknown}
 G - a scroll of vulnerability {unknown}
 P - a scroll of enchant armour {unknown}
Potions
 c - a potion of invisibility {unknown}
 g - 3 potions of brilliance
 j - 4 potions of curing {unknown}
 n - 3 potions of flight {unknown}
 q - 8 potions of lignification
 s - 3 potions of stabbing {unknown}
 v - 9 potions of heal wounds {unknown}
 w - 4 potions of ambrosia {unknown}
 N - 2 potions of magic {unknown}
 R - a potion of resistance
Miscellaneous
 I - a lightning rod (4/4)


   Skills:
 + Level 11.2 Fighting
 * Level 12.7 Axes
 + Level 8.7 Armour
 - Level 4.1 Dodging
 - Level 4.1 Shields
 + Level 4.3 Evocations


You had 11 spell levels left.
You didn't know any spells.
Your spell library contained the following spells:

 Spells                   Type           Power        Failure   Level
 Magic Dart               Conj           #...         100%        1
 Blink                    Tloc           N/A          100%        2
 Call Imp                 Summ           #.......     100%        2
 Slow                     Hex            #.......     100%        2
 Confusing Touch          Hex            #.......     100%        3
 Conjure Flame            Conj/Fire      #.......     100%        3
 Gell's Gravitas          Tloc           #.........   100%        3
 Mephitic Cloud           Conj/Pois/Air  #.......     100%        3
 Petrify                  Tmut/Erth      #.......     100%        4
 Bolt of Magma            Conj/Fire/Erth #.........   100%        5
 Iskenderun's Battlesphe  Conj           #.......     100%        5
 Metabolic Englaciation   Hex/Ice        #.........   100%        5
 Yara's Violent Unravell  Hex/Tmut       #.........   100%        5
 Iron Shot                Conj/Erth      #.........   100%        6
 Orb of Destruction       Conj           #.........   100%        7
 Spellforged Servitor     Conj/Summ      #.........   100%        7


Dungeon Overview and Level Annotations

Branches:
Dungeon (14/15)            Temple (0/1) D:6            Lair (0/6) D:8
    Orc (1/2) D:9          Vaults (0/5) D:13         Bailey (visited)

Altars:
Ru
Trog

Shops:
D:4 *   D:8 *   D:12 (


Innate Abilities, Weirdness & Mutations

You are resistant to torment.
Your stone body is resilient. (AC +8)
You are immune to poison.
You resist negative energy. (rN+)
You are resistant to electric shocks. (rElec)
You can survive without breathing.
You are immune to petrification.
You are immune to rotting.


Message History

You feel a bit more experienced.
You closely miss the orc warrior. You block the orc warrior's attack.
The orc wizard casts a spell.
The orc wizard blinks!
You hit the stone giant.
You feel better.
The stone giant is moderately wounded.
You barely miss the orc warrior. The stone giant hits you!!
* * * LOW HITPOINT WARNING * * *
You hit the stone giant but do no damage.
The stone giant is lightly wounded.
You slash the orc warrior!
You feel better.
You kill the orc warrior!
Trog accepts your kill. You block the stone giant's attack.
You slash the stone giant!
The stone giant is moderately wounded.
You slash the stone giant!
The stone giant is heavily wounded.
The stone giant hits you!
You die...

#... ###.#. ... #
.#....##..$. .#.
.....#..... ....
#............ ....
##.##..........
#..#..#))C#....#....$
#......(@............
##.##..).(...........
#..o$............
#.#.....$..$......
#$.................
##.........<>..$...
###...............
##..............
##.............


You could see a stone giant and an orc wizard (fast).

Vanquished Creatures
  Snorg (D:11)
  A vault guard (D:13)
  A boulder beetle (D:13)
  A hydra (D:13)
  A two-headed ogre (D:11)
  Erica (D:9)
  Sonja (D:13)
  An unseen horror (D:12)
  An ugly thing (D:12)
  A centaur zombie (D:13)
  A gargoyle (D:12)
  A freezing wraith (D:13)
  3 yaktaurs (D:12)
  A komodo dragon (D:11)
  A troll (D:11)
  Grinder (D:5)
  Prince Ribbit (D:5)
  Sigmund (D:5)
  2 wyverns
  Grum (D:8)
  An acid dragon (D:11)
  5 water moccasins
  5 orc warriors
  A swamp drake (D:11)
  5 ice beasts
  3 sky beasts
  5 black bears
  2 wolves (D:8)
  A black bear (shapeshifter) (D:13)
  5 centaurs
  6 ogres
  2 big kobolds
  8 bullfrogs
  2 wyvern zombies
  8 gnoll sergeants (Bailey)
  3 scorpions
  A water moccasin skeleton (D:9)
  28 killer bees
  5 electric eels (D:11)
  3 howler monkeys
  2 bullfrog zombies
  A quasit (D:10)
  A centaur skeleton (D:5)
  6 hounds
  14 orc wizards
  7 gnoll shamans
  3 jellies
  6 orc priests
  A bullfrog skeleton (D:7)
  4 iguanas
  9 worker ants
  3 hound skeletons
  2 hound zombies
  3 worker ant zombies
  Robin (D:2)
  10 adders
  23 gnolls
  2 shadow imps
  4 white imps
  An ufetubus (D:5)
  An ooze (D:4)
  2 adder zombies
  2 adder skeletons (D:7)
  3 worms
  4 dart slugs
  3 leopard geckos
  51 orcs
  4 giant cockroaches
  14 goblins
  7 hobgoblins
  12 jackals
  3 quokkas
  11 bats
  3 frilled lizards
  18 kobolds
  A quokka skeleton (D:4)
  10 rats
374 creatures vanquished.

Vanquished Creatures (others)
  34 fungi (D:8)
  45 plants
79 creatures vanquished.

Grand Total: 453 creatures vanquished

Notes
Turn   | Place    | Note
-------+----------+-------------------------------------------
     0 | D:1      | Arthanis the Gargoyle Berserker began the quest for the
                  | Orb.
     0 | D:1      | Reached XP level 1. HP: 14/14 MP: 1/1
   344 | D:1      | Reached skill level 3 in Axes
   344 | D:1      | Reached XP level 2. HP: 8/19 MP: 2/2
   883 | D:1      | Reached XP level 3. HP: 23/23 MP: 3/3
  1830 | D:2      | Noticed Robin
  1833 | D:2      | Reached ** piety under Trog
  1839 | D:2      | Reached XP level 4. HP: 29/29 MP: 4/4
  1845 | D:2      | Killed Robin
  2224 | D:3      | Found a faded altar of an unknown god.
  2420 | D:3      | Reached XP level 5. HP: 33/33 MP: 5/5
  2542 | D:3      | Reached skill level 4 in Axes
  3242 | D:4      | Reached *** piety under Trog
  3267 | D:4      | Reached XP level 6. HP: 34/39 MP: 6/6
  3752 | D:4      | Found Ofoem's Assorted Antiques.
  3762 | D:4      | Bought a glowing purple potion for 21 gold pieces
  3762 | D:4      | Bought a scroll labeled COKHLUB LERUE for 24 gold pieces
  3762 | D:4      | Bought a scroll labeled NYLOET UMUVYMN for 24 gold pieces
  3762 | D:4      | Bought a scroll labeled QIERRUARYIL for 24 gold pieces
  3762 | D:4      | Bought 2 fuming red potions for 43 gold pieces
  3776 | D:4      | Reached skill level 5 in Axes
  3969 | D:4      | Reached skill level 5 in Fighting
  3969 | D:4      | Reached XP level 7. HP: 35/44 MP: 7/7
  4261 | D:5      | Entered Level 5 of the Dungeon
  4416 | D:5      | Noticed Sigmund
  4427 | D:5      | Killed Sigmund
  4427 | D:5      | Reached skill level 6 in Axes
  4454 | D:5      | Noticed Grinder
  4465 | D:5      | Reached skill level 5 in Armour
  4482 | D:5      | Killed Grinder
  4482 | D:5      | Reached XP level 8. HP: 43/51 MP: 8/8
  4547 | D:5      | Noticed Prince Ribbit
  4556 | D:5      | Killed Prince Ribbit
  4827 | D:5      | Reached skill level 7 in Axes
  5629 | D:6      | Found a staircase to the Ecumenical Temple.
  5806 | D:6      | Found a bloodstained altar of Trog.
  5894 | D:6      | Reached XP level 9. HP: 57/57 MP: 9/9
  5897 | D:6      | Reached skill level 8 in Axes
  6200 | D:6      | Reached **** piety under Trog
  7116 | D:8      | Found Ocliz's Elemental Accessories.
  7153 | D:8      | Reached skill level 9 in Axes
  7215 | D:8      | Noticed Grum
  7237 | D:8      | Killed Grum
  7470 | D:8      | Reached skill level 1 in Evocations
  7470 | D:8      | Reached XP level 10. HP: 61/65 MP: 10/10
  7477 | D:8      | Reached skill level 10 in Axes
  7519 | D:8      | Found a staircase to the Lair.
  7961 | D:9      | Found a flagged portal.
  7970 | D:9      | Reached ***** piety under Trog
  7977 | Bailey   | Entered a bailey
  8716 | D:9      | Found a staircase to the Orcish Mines.
  8716 | D:9      | Noticed Erica
  8739 | D:9      | Killed Erica
  8739 | D:9      | Reached skill level 11 in Axes
  8913 | D:9      | Reached XP level 11. HP: 72/72 MP: 11/11
  9044 | D:9      | Reached skill level 10 in Fighting
  9306 | D:10     | Entered Level 10 of the Dungeon
  9318 | D:10     | Received a gift from Trog
 10261 | D:11     | Noticed Snorg
 10287 | D:11     | Killed Snorg
 11089 | D:11     | Noticed a two-headed ogre
 11094 | D:11     | Killed a two-headed ogre
 11094 | D:11     | Reached skill level 1 in Shields
 11584 | D:12     | Reached skill level 12 in Axes
 11680 | D:12     | Found Jifoesmu's Weapon Emporium.
 11716 | D:12     | Received a gift from Trog
 11750 | D:12     | Noticed a brown ugly thing
 11778 | D:12     | Killed a brown ugly thing
 11778 | D:12     | Reached XP level 12. HP: 79/79 MP: 12/12
 12383 | D:13     | Found a sacrificial altar of Ru.
 12484 | D:13     | Noticed Sonja
 12506 | D:13     | Killed Sonja
 12528 | D:13     | Noticed a boulder beetle
 12584 | D:13     | Killed a boulder beetle
 12629 | D:13     | Noticed a seven-headed hydra
 12643 | D:13     | Killed a seven-headed hydra
 12742 | D:13     | Noticed a vault guard
 12746 | D:13     | Found a flickering gateway to a bazaar.
 12761 | D:13     | Killed a vault guard
 12771 | Bazaar   | Entered a bazaar
 12771 | Bazaar   | Found Ledeapt's Weapon Boutique.
 12771 | Bazaar   | Found Gezaupy's Armour Shop.
 12771 | Bazaar   | Found Won Anebb's Antique Weapon Shop.
 12784 | Bazaar   | Bought a steaming war axe for 238 gold pieces
 12874 | D:13     | Found a gate to the Vaults.
 13063 | D:13     | Identified the cursed +0 war axe "Spiderslayer" {vorpal,
                  | *Rage rPois rF++ SInv} (You bought it in a shop in a
                  | bazaar)
 13164 | Orc:1    | Entered Level 1 of the Orcish Mines
 13166 | Orc:1    | Noticed a stone giant
 13182 | Orc:1    | HP: 3/120 [stone giant (30)]
 13185 | Orc:1    | Mangled by a stone giant

Illustrated notes

Levels and vault maps discovered:
D:1:      sevenhm_arrival_forest_fort_large_4, layout_loops_corners
D:2:      layout_rooms, minmay_octomino_j4, uniq_robin
D:3:      layout_basic, chequers_ecumenical_altar_simple_redux, minivault_25,
          kennysheep_generic_room_14
D:4:      layout_gridville, serial_shops, nicolae_shop_crystal
D:5:      layout_basic, serial_glass, glass_columns_c, glass_columns_b,
          grunt_ministairs_1, uniq_prince_ribbit1, uniq_sigmund, uniq_grinder
D:6:      layout_rooms, bloody_trog, temple_pool_b
D:7:      layout_gridville
D:8:      layout_basic, due_lair_maze_entry_diamond, nicolae_elemental_shop,
          uniq_grum
D:9:      layout_irregular_city, orc_0_dummy, enter_bailey_6, uniq_erica
D:10:     layout_cave_pools
D:11:     layout_basic, nrook_mini_backslash, uniq_snorg
D:12:     layout_cave_pools, serial_shops, kennysheep_little_box, minivault_4,
          serial_bayou_pond_a
D:13:     layout_basic, david_vaults_5, serial_shops, bzr_in_the_mist,
          nicolae_ru_sacrificial_ziggurat, uniq_sonja
D:14:     layout_basic, serial_shops, nicolae_shop_window_shopping,
          cheibriados_altar_1, lightli_wizard_tower, uniq_kirke
Orc:1:    layout_caves, serial_shops, shop

Skill      XL: |  1  2  3  4  5  6  7  8  9 10 11 12 |
---------------+-------------------------------------+-----
Axes           | 3 4 5 6 7 9 11 12 | 12.7
Dodging        | 2 3 4 |  4.1
Armour         | 3 4 5 6 8 |  8.7
Fighting       | 4 5 6 7 8 9 10 11 | 11.2
Evocations     | 1 2 3 4 |  4.3
Shields        | 3 4 |  4.1

Action                   |  1- 3 |  4- 6 |  7- 9 | 10-12 || total
-------------------------+-------+-------+-------+-------++-------
Melee: Hand axe          |    45 |   105 |   330 |   343 ||   823
       Whip              |    31 |   105 |       |     9 ||   145
       War axe           |       |       |       |   392 ||   392
       Unarmed           |       |       |       |     7 ||     7
Invok: Berserk           |     2 |     2 |     9 |    17 ||    30
       Trog's Hand       |       |       |     1 |     9 ||    10
Evoke: Wand              |       |       |       |    15 ||    15
  Use: Scroll            |       |       |       |    14 ||    14
 Stab: Paralysed         |       |       |       |    10 ||    10
Armor: Animal skin       |    30 |     4 |       |       ||    34
       Chain mail        |       |   110 |   116 |       ||   226
       Plate armour      |       |       |   104 |   748 ||   852
Dodge: Dodged            |    65 |    91 |   117 |   290 ||   563
Block: Kite shield       |       |       |       |   119 ||   119

Table legend: (Time is in decaauts)
 A = Elapsed time spent in this place.
 B = Non-inter-level travel time spent in this place.
 C = Inter-level travel time spent in this place.
 D = Time resting spent in this place.
 E = Time spent auto-exploring this place.
 F = Levels seen in this place.
 G = Mean time per level.
                   A        B        C        D        E       F      G
               +--------+--------+--------+--------+--------+-----+--------+
         Total |  13289 |  12785 |    504 |    190 |   9772 |  17 |  781.7 |
       Dungeon |  12716 |  12212 |    504 |    173 |   9453 |  14 |  908.3 |
  Orcish Mines |     18 |     18 |      0 |      0 |      0 |   1 |   18.0 |
        Bazaar |     25 |     25 |      0 |      0 |      0 |   1 |   25.0 |
        Bailey |    529 |    529 |      0 |     17 |    319 |   1 |  529.0 |
               +--------+--------+--------+--------+--------+-----+--------+

Top non-repeatable levels by time:
    D:11: 1656 daAuts
     D:1: 1493 daAuts
     D:5: 1398 daAuts
     D:4: 1163 daAuts
     D:9: 934 daAuts
     D:3: 923 daAuts
     D:7: 879 daAuts
    D:12: 795 daAuts
    D:13: 725 daAuts
     D:2: 721 daAuts
     D:8: 706 daAuts
    D:10: 689 daAuts
     D:6: 621 daAuts
  Bailey: 529 daAuts
  Bazaar: 25 daAuts
